 Dungeon Crawl Stone Soup version 0.29.1-14-g9c671dbff4 (webtiles) character file.

Game seed: 13704836885352024883

335 javelincjr the Magician (level 6, -2/41 HPs)
             Began as a Djinni Conjurer on Feb 14, 2023.
             Slain by a gnoll sergeant
             ... wielding a +2 vorpal spear
              (12 damage)
             ... on level 4 of the Dungeon.
             The game lasted 00:11:01 (4443 turns).

javelincjr the Magician (Djinni Conjurer)           Turns: 4443, Time: 00:11:02

Health: -2/41      AC:  2    Str:  8    XL:     6   Next: 84%
Gold:   164        EV: 12    Int: 20    God:
                   SH:  0    Dex: 11

rFire   + + .      SeeInvis .   t - +2 short sword (drain)
rCold   x . .      Faith    .   (no shield)
rNeg    . . .      Spirit   .   a - +0 robe
rPois   ∞          Reflect  .   (no helmet)
rElec   .          Harm     .   (no cloak)
rCorr   .          Rampage  .   (no gloves)
Will    .....                   (boots unavailable)
Stlth   ++........              (no amulet)
HPRegen 0.13/turn               (no ring)
MPRegen 0.00/turn               (no ring)

@: flying
A: sickness immunity, fire resistance 2, cold vulnerability 1, float, innate
caster, HP casting, extra vitality 1
a: no special abilities


You were on level 4 of the Dungeon.
You visited 1 branch of the dungeon, and saw 4 of its levels.

You collected 164 gold pieces.

Inventory:

Hand Weapons
 b - a +0 short sword
 c - a +0 hand axe of electrocution
 t - a +2 short sword of draining (weapon)
Armour
 a - a +0 robe (worn)
 f - a +0 cloak
Jewellery
 n - a ring of ice
Scrolls
 d - a scroll of butterflies {unknown}
 e - 3 scrolls of identify {unknown}
 i - a scroll of blinking {unknown}
 l - a scroll of poison {unknown}
 m - 3 scrolls of vulnerability {unknown}
 p - 2 scrolls of enchant weapon {unknown}
 r - a scroll of brand weapon {unknown}
 u - a scroll of teleportation {unknown}
Potions
 g - 3 potions of degeneration {unknown}
 h - 4 potions of heal wounds {unknown}
 j - a potion of lignification {unknown}
 k - 4 potions of brilliance {unknown}
 o - a potion of curing {unknown}
 q - a potion of attraction {unknown}
 s - a potion of might {unknown}


   Skills:
 + Level 0.9 Fighting
 + Level 0.1 Axes
 + Level 2.8 Dodging
 + Level 2.5 Stealth
 + Level 5.4 Spellcasting


You couldn't memorise any spells.
You knew the following spells:

 Your Spells              Type           Power      Damage    Failure   Level
a - Magic Dart            Conj           100%       1d8       1%          1
b - Searing Ray           Conj           54%        2d6       1%          2
c - Dazzling Flash        Conj/Hex       54%        N/A       3%          3
d - Fulminant Prism       Conj/Hex       13%        3d9       12%         4
e - Iskenderun's Mystic   Conj/Tloc      27%        2d7       12%         4
f - Apportation           Tloc           54%        N/A       1%          1
g - Wereblood             Tmut           27%        N/A       1%          2
Your spell library was empty.

Dungeon Overview and Level Annotations

Branches:
Dungeon (4/15)
 Temple: D:4-7

Altars:
Qazlal
Uskayaw
Xom

Shops:
D:4 [


Innate Abilities, Weirdness & Mutations

You are immune to sickness and miasma.
You are immune to poison.
Your flesh is very heat resistant. (rF++)
You are vulnerable to cold. (rC-)
You float through the air rather than walking.
You learn spells naturally, not from books.
Your magical power is your life essence.
You have superior vitality. (+4 MHP)


Message History

Press: ? - help, Shift-Dir - straight line, f - gnoll
Aim: a gnoll, wielding a +0 whip (82% to hit)
The searing ray hits the gnoll.
The gnoll is heavily wounded.
The searing ray hits the gnoll sergeant.
The gnoll sergeant is lightly wounded.
The searing ray hits the gnoll!
The gnoll is heavily wounded. (Press . to maintain the ray.)
The gnoll hits your fulminant prism with a +0 whip.
Your fulminant prism detonates feebly.
The gnoll hits you from afar with a +0 spear!
The searing ray misses the gnoll.
The searing ray hits the gnoll sergeant!
The gnoll sergeant is heavily wounded.
The searing ray hits the gnoll!
You kill the gnoll!
The searing ray hits the gnoll sergeant.
The gnoll sergeant is heavily wounded.
The searing ray hits the gnoll.
The gnoll is almost dead.
The searing ray hits the gnoll sergeant!
The gnoll sergeant is severely wounded.
The searing ray misses the gnoll.
You finish channelling your searing ray.
The gnoll sergeant hits you from afar with a +2 vorpal spear!
* * * LOW HITPOINT WARNING * * *
Casting: Searing Ray (safe; 1% risk of failure)
Confirm with . or Enter, or press ? or * to list all spells.
Aiming: Searing Ray (safe; 1% risk of failure)
Press: ? - help, Shift-Dir - straight line, f - gnoll
Aim: a gnoll, wielding a +0 spear (almost dead, 82% to hit)
The searing ray hits the gnoll sergeant!
The gnoll sergeant is almost dead.
The searing ray hits the gnoll!
You kill the gnoll! (Press . to maintain the ray.)
* * * LOW HITPOINT WARNING * * *
The gnoll sergeant hits you from afar with a +2 vorpal spear!
You die...

...##..............#
....#...........#
..............(.#
....#...#.......##
#...##.##........##
..................#
##...#............#
##..####<..###....####
....# #####≈≈≈≈@≈≈≈≈#
##..# #≈##≈.≈##≈#
##.#### #≈ ##g###≈#
......# # #g).#≈≈#
≈≈≈≈≈.# #.).#≈≈#
....≈.# #.$.#≈≈#
≈.≈.≈.# ######≈#
..§.≈.# #≈# _.≈.≈.#
≈≈#


You could see a gnoll sergeant and a gnoll.

Vanquished Creatures
  A water moccasin (D:4)
  A hound (D:4)
  An iguana (D:4)
  4 adders
  5 gnolls
  A worm (D:2)
  4 dart slugs
  An orc (D:4)
  6 ball pythons
  6 endoplasms
  4 giant cockroaches
  10 goblins
  6 hobgoblins
  9 jackals
  9 kobolds
  3 quokkas
  4 bats
  3 frilled lizards
  5 rats
83 creatures vanquished.

Vanquished Creatures (others)
  5 fulminant prisms
5 creatures vanquished.

Grand Total: 88 creatures vanquished

Notes
Turn   | Place    | Note
-------+----------+-------------------------------------------
     0 | D:1      | javelincjr the Djinni Conjurer began the quest for the Orb.
     0 | D:1      | javelincjr set off with the following spells memorised:
                  | Magic Dart, Searing Ray, Dazzling Flash, Fulminant Prism,
                  | Iskenderun's Mystic Blast.
     0 | D:1      | Reached XP level 1. HP: 15/15 MP: 0/0
   316 | D:1      | Reached XP level 2. HP: 17/21 MP: 0/0
   620 | D:1      | Reached XP level 3. HP: 24/25 MP: 0/0
   620 | D:1      | Learned a level 1 spell: Apportation
  1099 | D:1      | Reached skill level 4 in Spellcasting
  1114 | D:1      | Found a faded altar of an unknown god.
  1687 | D:2      | Reached XP level 4. HP: 6/31 MP: 0/0
  2500 | D:2      | Found a shimmering altar of Xom.
  2620 | D:2      | Reached XP level 5. HP: 23/35 MP: 0/0
  2620 | D:2      | Learned a level 2 spell: Wereblood
  4030 | D:4      | Noticed a water moccasin
  4039 | D:4      | Killed a water moccasin
  4040 | D:4      | Reached skill level 5 in Spellcasting
  4040 | D:4      | Reached XP level 6. HP: 28/41 MP: 0/0
  4145 | D:4      | Found Sell's Armour Shop.
  4242 | D:4      | Found a hide-covered altar of Uskayaw.
  4289 | D:4      | Found a stormy altar of Qazlal.
  4443 | D:4      | Slain by a gnoll sergeant

Illustrated notes

Levels and vault maps discovered:
D:1:      psy_arrival_conway, layout_basic, chequers_ecumenical_altar_island
D:2:      layout_loops_ring, basic_altar, minmay_misc_feat_nine_boxes,
          roderic_malta_cross
D:3:      layout_loops_ring
D:4:      layout_cave_pools, mainiacjoe_overflow_concentric_impassable,
          nicolae_qazlal_general_emergency, serial_shops,
          nicolae_take_the_stairs, serial_park_tiny_pond, lightli_minifort

Skill      XL: |  1  2  3  4  5 |
---------------+----------------+-----
Spellcasting   | 4 5 |  5.4
Stealth        | 2 |  2.5
Fighting       | |  0.9
Axes           | |  0.1
Dodging        | |  2.8

Action                   |  1- 3 |  4- 6 || total
-------------------------+-------+-------++-------
Melee: Hand axe          |     7 |     8 ||    15
 Cast: Magic Dart        |    67 |    59 ||   126
       Searing Ray       |     4 |    14 ||    18
       Fulminant Prism   |       |     5 ||     5
 Stab: Sleeping          |       |     1 ||     1
Armor: Robe              |     5 |     2 ||     7
Dodge: Dodged            |     9 |    13 ||    22
